 Dungeon Crawl Stone Soup version 0.28-a0-595-g9f6c0e134a (webtiles) character file.

Game seed: 18127914599274111929

2 lawman0 the Sneak (level 1, -1/9 (13) HPs)
             Began as a Deep Elf Delver on Oct 4, 2021.
             Slain by a black bear (3 damage)
             ... on level 5 of the Dungeon.
             The game lasted 00:00:33 (279 turns).

lawman0 the Sneak (Deep Elf Delver)                  Turns: 279, Time: 00:00:34

HP:   -1/9 (13)     AC:  3    Str:  9    XL:     1   Next: 33%
MP:   3/3           EV: 12    Int: 14    God:
Gold: 8             SH:  0    Dex: 16    Spells: 0/0 levels left

rFire   . . .      SeeInvis .   a - +0 short sword
rCold   . . .      Faith    .   (no shield)
rNeg    . . .      Spirit   .   b - +0 leather armour
rPois   .          Reflect  .   (no helmet)
rElec   .          Harm     .   d - scarf {+Inv}
rCorr   .          Rampage  .   (no gloves)
Will    .....                   (no boots)
Stlth   +++.......              (no amulet)
HPRegen 0.03/turn               (no ring)
MPRegen 0.08/turn               (no ring)

@: very heavily drained
A: no striking features
a: Evoke Invisibility


You were on level 5 of the Dungeon.
You visited 1 branch of the dungeon, and saw 1 of its levels.

You collected 8 gold pieces.

Inventory:

Hand Weapons
 a - a +0 short sword (weapon)
Armour
 b - a +0 leather armour (worn)
 d - a scarf of invisibility (worn)
Wands
 g - a wand of digging (3)
Scrolls
 c - a scroll of fog
 e - a scroll of fear
Potions
 f - a potion of haste


   Skills:
 + Level 2.4 Fighting
 + Level 2.0 Short Blades
 + Level 2.4 Dodging
 + Level 6.1 Stealth


You couldn't memorise any spells.
You didn't know any spells.
Your spell library was empty.

Dungeon Overview and Level Annotations

Branches:
Dungeon (5/15)             Temple (0/1) D:5

Altars:


Message History

The jackal is severely wounded.
The jackal closely misses you.
The jackal bites you but does no damage.
You miss the jackal.
The jackal is severely wounded.
The jackal barely misses you.
You hit the jackal but do no damage.
The jackal is severely wounded.
The jackal bites you.
You closely miss the jackal.
The jackal is severely wounded.
The jackal barely misses you. The jackal closely misses you.
You closely miss the jackal.
The jackal is severely wounded.
The jackal bites you.
You closely miss the jackal.
The jackal is severely wounded.
The jackal closely misses you.
The jackal bites you but does no damage.
You hit the jackal.
You kill the jackal!
You see here a jackal corpse.
You start resting.
HP restored.
Found 8 gold pieces.
You now have 8 gold pieces.
You see here a jackal skeleton.
A black bear comes into view.
The black bear barely misses you. The black bear claws you.
The black bear misses you.
You feel drained.
You fail to use your ability.
The black bear bites you but does no damage.
The black bear claws you.
The black bear claws you but does no damage.
You feel drained.
You fail to use your ability.
The black bear bites you.
Ouch! That really hurt!
The black bear claws you.
* * * LOW HITPOINT WARNING * * *
The black bear claws you.
You die...

,,*≈≈*#........#.######****
,,*,≈*#....#####÷#
,,*,,*#....# #.# ,,****######
#.# ,,,,,* #.# *+**** #.# *,*
##.####### *,* #........# *,*
#.@#####.# *,******* #.h# *,*
*,,,,,,,* ****#..#****,*
***,***,*
#.........#*,********
*,*,*,**#.##.........,,,,,,,*
*,,*,,**,,,##...####.******,**
*,***,,,,,**#####***** *,,,*
*,,*,<**,,***,≈,≈≈** ***,*,**
*,>,,,******,,,,,≈≈** *,,,*,,,


You could see a black bear.

Vanquished Creatures
  2 jackals (D:5)
2 creatures vanquished.

Vanquished Creatures (others)
  7 fungi (D:5)
7 creatures vanquished.

Grand Total: 9 creatures vanquished

Notes
Turn   | Place    | Note
-------+----------+-------------------------------------------
     0 | D:5      | lawman0 the Deep Elf Delver began the quest for the Orb.
     0 | D:5      | Reached XP level 1. HP: 13/13 MP: 3/3
   274 | D:5      | Noticed a black bear
   279 | D:5      | Slain by a black bear

Illustrated notes

Levels and vault maps discovered:
D:5:      layout_loops_corners, elyvilon_altar_1, serial_aquarium,
          aquarium_bridge_square [aquarium_subvault_window,
          aquarium_subvault_bridge, aquarium_subvault_wall,
          aquarium_subvault_wall], aquarium_window_1, aquarium_window_fake,
          aquarium_window_fake, aquarium_view_2g, aquarium_view_2f,
          aquarium_pool_double

Action                   || total
-------------------------++-------
Melee: Short sword       ||    23
  Use: Scroll            ||     1
Armor: Leather armour    ||     9
Dodge: Dodged            ||    19

Table legend: (Time is in decaauts)
 A = Elapsed time spent in this place.
 B = Non-inter-level travel time spent in this place.
 C = Inter-level travel time spent in this place.
 D = Time resting spent in this place.
 E = Time spent auto-exploring this place.
 F = Levels seen in this place.
 G = Mean time per level.
                   A        B        C        D        E       F      G
               +--------+--------+--------+--------+--------+-----+--------+
         Total |    279 |    279 |      0 |    197 |      0 |   1 |  279.0 |
       Dungeon |    279 |    279 |      0 |    197 |      0 |   1 |  279.0 |
               +--------+--------+--------+--------+--------+-----+--------+

Top non-repeatable levels by time:
     D:5: 279 daAuts
